 Dungeon Crawl Stone Soup version 0.31-a0-1068-g5939ac1fb6 (webtiles) character file.

Game seed: 3499222242658563344

8 Chiseanne the Trooper (level 2, 24/25 HPs)
             Began as a Demonspawn Wanderer on Nov 24, 2023.
             Quit the game on level 1 of the Dungeon.
             The game lasted 00:00:28 (192 turns).

Chiseanne the Trooper (Demonspawn Wanderer)          Turns: 192, Time: 00:00:29

Health: 24/25      AC:  3    Str: 17    XL:     2   Next: 0%
Magic:  3/3        EV: 11    Int: 10    God:
Gold:   10         SH:  0    Dex: 10    Spells: 2/3 levels left

rFire   . . .        a - +0 club
rCold   . . .        (no shield)
rNeg    . . .        e - +0 leather armour
rPois   .            (helmet restricted)
rElec   .            (no cloak)
rCorr   .            (no gloves)
SInv    .            (no boots)
Will    .....        (no amulet)
Stlth   +            (no ring)
HPRegen 0.24/turn    (no ring)
MPRegen 0.08/turn

%: no passive effects
@: no status effects
A: antennae 1
a: no special abilities


You were on level 1 of the Dungeon.
You visited 1 branch of the dungeon, and saw 1 of its levels.

You collected 10 gold pieces.

Inventory:

Hand Weapons
 a - a +0 club (weapon)
Missiles
 g - a stone
Armour
 e - a +0 leather armour (worn)
Scrolls
 b - a scroll of blinking
 d - a scroll of teleportation
 i - a scroll of vulnerability {unknown}
Potions
 c - a potion of curing
 f - a potion of brilliance
 h - a potion of berserk rage {unknown}


   Skills:
 * Level 4.1 Fighting
 * Level 0.7 Armour
 * Level 0.6 Dodging
 - Level 1.7 Unarmed Combat
 - Level 1.0 Spellcasting
 - Level 2.1 Necromancy
 - Level 1.2 Invocations


You had 2 spell levels left.
You knew the following spells:

 Your Spells              Type           Power      Damage    Failure   Level
a - Kiss of Death         Conj/Necr      8%         2d6       26%         1

Your spell library contained the following spells:

 Spells                   Type           Power      Damage    Failure   Level
 Vampiric Draining        Necr           4%         2d6       45%         3


Dungeon Overview and Level Annotations

Branches:
Dungeon (1/15)

Altars:


Innate Abilities, Weirdness & Mutations

You have a pair of small antennae on your head.


Message History

You are frozen.
You hit the endoplasm.
The endoplasm is severely wounded.
The endoplasm closely misses you. The frilled lizard closely misses you.
You barely miss the endoplasm.
The endoplasm is severely wounded.
The frilled lizard bites you but does no damage.
The endoplasm hits you. The frilled lizard bites you.
The endoplasm freezes you.
You are frozen.
You hit the endoplasm but do no damage.
The endoplasm is severely wounded.
The endoplasm barely misses you. The frilled lizard closely misses you.
The endoplasm freezes you.
You are frozen.
The frilled lizard unfolds its giant frill.
You hit the endoplasm.
You kill the endoplasm!
The frilled lizard barely misses you. The frilled lizard barely misses you.
You hit the frilled lizard.
You kill the frilled lizard!
You see here a frilled lizard corpse.
A rat comes into view.
A rat comes into view.
The rat bites you but does no damage.
You hit the rat.
You kill the rat!
You see here a rat corpse.
The rat bites you but does no damage.
You closely miss the rat. The rat bites you.
You hit the rat but do no damage. The rat bites you but does no damage.
You barely miss the rat. The rat barely misses you. The rat bites you.
You completely miss the rat. The rat closely misses you.
You hit the rat.
You kill the rat!
You have reached level 2!
Your demonic ancestry asserts itself...
A pair of antennae grows on your head!
Are you sure you want to abandon this character and quit the game? (Confirm with "yes".)

###.####################
..>....@†...............
######.#################
#. ####.. .. #..... ##.
#..≈.~ #. #~.~.. #.
#~~.~≈ #. #.♣.~. ###~~~


There were no monsters in sight!

Vanquished Creatures
  A bat (D:1)
  An endoplasm (D:1)
  A giant cockroach (D:1)
  A quokka (D:1)
  A frilled lizard (D:1)
  3 rats (D:1)
8 creatures vanquished.

Notes
Turn   | Place    | Note
-------+----------+-------------------------------------------
     0 | D:1      | Chiseanne the Demonspawn Wanderer began the quest for the
                  | Orb.
     0 | D:1      | Chiseanne set off with the following items: a +0 club, a
                  | scroll of blinking, a potion of curing, a scroll of
                  | teleportation, a +0 leather armour, a potion of brilliance;
                  | and the following spell memorised: Kiss of Death; and the
                  | following spells available to memorise: Vampiric Draining.
     0 | D:1      | Reached XP level 1. HP: 19/19 MP: 2/2
    46 | D:1      | Found a faded altar of an unknown god.
   192 | D:1      | Gained mutation: You have a pair of small antennae on your
                  | head. [demonic ancestry]
   192 | D:1      | Reached XP level 2. HP: 24/25 MP: 3/3
   192 | D:1      | Quit the game

Illustrated notes

Levels and vault maps discovered:
D:1:      roderic_crossed_star, layout_basic, basic_ecumenical_altar,
          chequers_serial_rivers_marsh, chequers_serial_rivers_micro_a

Action                     || total
---------------------------++-------
  Melee: Club              ||    24
         Punch             ||     1
 Armour: Leather armour    ||    17
  Dodge: Dodged            ||    15

Table legend: (Time is in decaauts)
 A = Elapsed time spent in this place.
 B = Non-inter-level travel time spent in this place.
 C = Inter-level travel time spent in this place.
 D = Time resting spent in this place.
 E = Time spent auto-exploring this place.
 F = Levels seen in this place.
 G = Mean time per level.
                   A        B        C        D        E       F      G
               +--------+--------+--------+--------+--------+-----+--------+
         Total |    199 |    199 |      0 |      0 |    141 |   1 |  199.0 |
       Dungeon |    199 |    199 |      0 |      0 |    141 |   1 |  199.0 |
               +--------+--------+--------+--------+--------+-----+--------+

Top non-repeatable levels by time:
     D:1: 199 daAuts
